 Dungeon Crawl Stone Soup version 0.30.0-10-gfe55d96785 (webtiles) character file.

Game seed: 7784712530433863506

102 ryw the Trooper (level 4, -1/39 HPs)
             Began as a Demonspawn Monk on May 15, 2023.
             Slain by Sigmund
             ... wielding a +0 scythe
              (7 damage)
             ... on level 3 of the Dungeon.
             The game lasted 00:05:00 (1802 turns).

ryw the Trooper (Demonspawn Monk)                   Turns: 1802, Time: 00:05:01

Health: -1/39      AC:  7    Str: 12    XL:     4   Next: 50%
Magic:  4/4        EV:  9    Int: 11    God:
Gold:   179        SH:  0    Dex: 17    Spells: 3/3 levels left

rFire   . . .        j - +0 quick blade
rCold   . . .        (no shield)
rNeg    + . .        e - +1 scale mail
rPois   .            (no helmet)
rElec   .            (no cloak)
rCorr   .            (no gloves)
SInv    .            (no boots)
Will    .....        (no amulet) Stlth
                     m - ring of positive energy
HPRegen 0.26/turn    (no ring)
MPRegen 0.18/turn

%: no passive effects
@: confused, ambrosia-drunk
A: magic regeneration, demonic magic 1, demonic touch 1
a: no special abilities


You were on level 3 of the Dungeon.
You visited 1 branch of the dungeon, and saw 3 of its levels.

You collected 179 gold pieces.

Inventory:

Hand Weapons
 i - a +0 war axe
 j - a +0 quick blade (weapon)
Missiles
 c - 5 javelins
 k - 2 boomerangs (quivered)
Armour
 a - a +0 robe
 e - a +1 scale mail (worn)
 l - a +0 buckler
Jewellery
 m - a ring of positive energy (left hand)
Scrolls
 h - a scroll of poison
 n - a scroll of noise {unknown}
Potions
 d - 2 potions of heal wounds {unknown}
 f - 4 potions of curing {unknown}
 g - 2 potions of attraction {unknown}
 o - a potion of berserk rage {unknown}


   Skills:
 + Level 5.3 Fighting
 + Level 0.1 Short Blades
 + Level 0.1 Armour
 - Level 2.6 Dodging
 - Level 2.6 Unarmed Combat


You had 3 spell levels left.
You didn't know any spells.
Your spell library contained the following spells:

 Spells                   Type           Power      Damage    Failure   Level
 Magic Dart               Conj           0%         1d3       89%         1
 Searing Ray              Conj           0%         2d4       96%         2
 Fulminant Prism          Conj/Hex       0%         3d5       100%        4
 Manifold Assault         Tloc           0%         N/A       100%        4
 Dispersal                Tloc           0%         N/A       100%        6
 Disjunction              Tloc           0%         N/A       100%        8


Dungeon Overview and Level Annotations

Branches:
Dungeon (3/15)

Altars:

Shops:
D:2 =

Annotations:
D:3 Sigmund


Innate Abilities, Weirdness & Mutations

You regenerate magic rapidly.
Spells you cast may paralyse adjacent enemies.
Your touch may inflict minor irresistible damage on your foes.


Message History

Sigmund flickers and vanishes!
Deactivating autopickup; reactivate with Ctrl-A.
You hit the orc but do no damage.
The orc is moderately wounded.
The orc hits you but does no damage.
You hit the orc.
The orc is severely wounded.
You barely miss the orc.
The orc is severely wounded.
The orc hits you but does no damage.
You hit the orc.
You kill the orc!
You closely miss the ball python. Your touch misses the ball python.
The ball python bites you but does no damage.
The ball python grabs you. The ball python constricts you.
You closely miss the ball python.
You touch the ball python.
You kill the ball python!
You hear some strange, mumbled words.
A puff of flame appears from out of thin air!
The puff of flame hits you! Something hits you.
Things that are here:
a +0 short sword; a ball python corpse; an orc corpse You hit something.
Your touch misses something. You hit something. Something hits you!
You completely miss something. You closely miss something.
Something hits you but does no damage.
You hit something but do no damage. Your touch misses something.
You hit something but do no damage. You barely miss something.
Something hits you.
You barely miss something. Your touch misses something.
You hit something but do no damage.
You touch something!
Something hits you!
* * * LOW HITPOINT WARNING * * *
You barely miss something. Your punch misses something. You hit something.
Something hits you.
* * * LOW HITPOINT WARNING * * *
You are confused.
You feel invigorated. Something hits you!
You die...

########## # #........#(#####
############........#......
####.........@{...............
#......########........#.####
#.#..#.##############.........
##............#
#.......#.#####
#...<.#.#####.# #.......#.#
###....##.# #.# #.......#.#
#....#).#.#####.########+##.
#>>...............# #.##.#
....###.#.......#.###
#.##.#####


There were no monsters in sight!

Vanquished Creatures
  4 adders (D:2)
  A worm (D:2)
  A dart slug (D:3)
  3 orcs (D:3)
  3 bats (D:3)
  5 endoplasms
  2 giant cockroaches
  11 goblins
  6 hobgoblins
  2 kobolds
  3 quokkas
  5 ball pythons
  4 frilled lizards
  2 rats (D:2)
52 creatures vanquished.

Notes
Turn   | Place    | Note
-------+----------+-------------------------------------------
     0 | D:1      | ryw the Demonspawn Monk began the quest for the Orb.
     0 | D:1      | Reached XP level 1. HP: 18/18 MP: 1/1
   337 | D:1      | Gained mutation: Spells you cast may paralyse adjacent
                  | enemies. [demonic ancestry]
   337 | D:1      | Reached XP level 2. HP: 24/24 MP: 2/2
   417 | D:1      | Found a faded altar of an unknown god.
   692 | D:2      | Reached skill level 4 in Fighting
   761 | D:2      | Gained mutation: Your touch may inflict minor irresistible
                  | damage on your foes. [demonic ancestry]
   761 | D:2      | Reached XP level 3. HP: 26/31 MP: 3/3
  1017 | D:2      | Gained mutation: You regenerate magic rapidly. [demonic
                  | ancestry]
  1017 | D:2      | Reached XP level 4. HP: 19/38 MP: 4/4
  1129 | D:2      | Reached skill level 5 in Fighting
  1313 | D:2      | Found Imirom's Jewellery Shoppe.
  1767 | D:3      | Noticed Sigmund
  1802 | D:3      | Slain by Sigmund

Illustrated notes

Levels and vault maps discovered:
D:1:      shiori_arrival_elements, layout_basic,
          hellmonk_ecumenical_altar_blasted, minmay_unequal
D:2:      layout_rooms, serial_shops, nicolae_shop_tiny_glass, st_stairs_10
D:3:      cheibrodos_greedy_goblins, layout_basic, minmay_goblin_kobold_house,
          uniq_sigmund

Skill      XL: |  1  2  3  4 |
---------------+-------------+-----
Fighting       | 4 5 |  5.3
Short Blades   | |  0.1
Armour         | |  0.1
Dodging        | |  2.6
Unarmed Combat | |  2.6

Action                     |  1- 3 |  4- 6 || total
---------------------------+-------+-------++-------
  Melee: Unarmed           |    29 |       ||    29
         War axe           |    47 |       ||    47
         Quick blade       |    21 |    87 ||   108
         Touch             |       |    12 ||    12
         Punch             |       |     2 ||     2
  Throw: Boomerang         |     9 |       ||     9
    Use: Scroll            |       |     2 ||     2
         Potion            |       |     1 ||     1
 Armour: Scale mail        |    27 |    41 ||    68
  Dodge: Dodged            |    32 |    36 ||    68
  Block: Buckler           |    14 |     2 ||    16
